 Dungeon Crawl Stone Soup version 0.30-a0-728-gc68057be0a (webtiles) character file.

Game seed: 16176058906615103330

460 dialectric the Slasher (level 7, -3/39 HPs)
             Began as a Gargoyle Fighter on Jan 30, 2023.
             Was an Initiate of Trog.
             Killed by divine providence
             ... invoked by an orc priest
              (13 damage)
             ... on level 5 of the Dungeon.
             The game lasted 00:04:53 (4473 turns).

dialectric the Slasher (Gargoyle Fighter)           Turns: 4473, Time: 00:04:54

Health: -3/39      AC: 15    Str: 18 (19) XL:     7   Next: 7%
Magic:  7/7        EV:  7    Int: 15      God:    Trog [......]
Gold:   321        SH:  0    Dex:  7      Spells: 6/6 levels left

rFire   + . .      SeeInvis .    a - +0 long sword
rCold   . . .      Faith    .    (no shield)
rNeg    + . .      Spirit   .    k - +0 chain mail
rPois   ∞          Reflect  .    (no helmet)
rElec   +          Harm     .    (no cloak)
rCorr   .          Rampage  .    q - +0 pair of gloves
Will    .....      Rage     3%   (no boots) Stlth
                                 j - amulet of magic regeneration
HPRegen 0.26/turn                e - +6 ring of intelligence
MPRegen 0.50/turn                r - ring of protection from fire

@: no status effects
A: sickness immunity, AC +4, negative energy resistance 1, electricity
resistance, torment resistance 1, petrification resistance, berserk 1, clumsy 1,
frail 1, weak 1, wild magic 1
a: Renounce Religion


You were on level 5 of the Dungeon.
You worshipped Trog.
Trog was noncommittal.
You visited 1 branch of the dungeon, and saw 5 of its levels.

You collected 321 gold pieces.

Inventory:

Hand Weapons
 a - a +0 long sword (weapon)
 g - a +1 whip of holy wrath
Armour
 c - a +0 buckler
 k - a +0 chain mail (worn)
 l - a +0 plate armour
 q - a +0 pair of gloves (worn)
Jewellery
 e - a +6 ring of intelligence (left hand)
 j - an amulet of magic regeneration (around neck)
 r - a ring of protection from fire (right hand)
Wands
 n - a wand of quicksilver (7)
 y - a wand of roots (6)
Scrolls
 b - a scroll of torment {unknown}
 f - 3 scrolls of identify {unknown}
 p - a scroll of noise {unknown}
 s - a scroll of silence {unknown}
 t - a scroll of enchant armour {unknown}
 v - a scroll of fear {unknown}
 x - a scroll of amnesia {unknown}
Potions
 d - a potion of might
 h - a potion of lignification {unknown}
 m - a potion of haste
 o - a potion of curing {unknown}
 u - a potion of flight {unknown}
 w - a potion of degeneration {unknown}
 z - a potion of invisibility


   Skills:
 + Level 4.5 Fighting
 + Level 5.0 Long Blades
 + Level 4.8 Armour
 - Level 1.3 Dodging
 - Level 0.3 Stealth
 - Level 3.3 Shields


You had 6 spell levels left.
You didn't know any spells.
Your spell library contained the following spells:

 Spells                   Type           Power      Damage    Failure   Level
 Lesser Beckoning         Tloc           0%         N/A       99%         2
 Dazzling Flash           Conj/Hex       0%         N/A       100%        3
 Gell's Gravitas          Tloc           0%         N/A       100%        3
 Teleport Other           Tloc           0%         N/A       100%        3
 Agony                    Necr           0%         N/A       100%        5
 Silence                  Hex/Air        0%         N/A       100%        5


Dungeon Overview and Level Annotations

Branches:
Dungeon (5/15)
 Temple: D:4-7

Altars:
Gozag
Makhleb
Trog
Xom


Innate Abilities, Weirdness & Mutations

You are immune to sickness and miasma.
Your stone body is resilient. (AC +4)
You are immune to poison.
You resist negative energy. (rN+)
You are resistant to electric shocks. (rElec)
You are resistant to unholy torment.
You are immune to petrification.
You sometimes lose your temper in combat.
You are clumsy. (Dex -2)
You are frail. (-10% HP)
You are weak. (Str -2)
Your spells are a little harder to cast, but a little more powerful.


Message History

The orc wizard shouts!
You hit the water moccasin.
The water moccasin is severely wounded.
The water moccasin bites you but does no damage.
The orc wizard casts a spell.
The orc wizard flickers and vanishes!
Deactivating autopickup; reactivate with Ctrl-A.
You hear a shout!
You closely miss the water moccasin.
The water moccasin is severely wounded.
The water moccasin closely misses you.
The water moccasin bites you but does no damage.
You hit the water moccasin.
The water moccasin is severely wounded.
The water moccasin bites you but does no damage.
An orc comes into view. It is wielding a +0 mace.
The orc priest hits you but does no damage.
The water moccasin barely misses you. The orc priest closely misses you.
You completely miss the water moccasin.
The water moccasin is severely wounded.
The water moccasin barely misses you.
The orc priest invokes the aid of Beogh against you.
Beogh smites you!
You are too injured to fight recklessly!
You are too injured to fight recklessly!
The water moccasin barely misses you.
The orc priest hits you but does no damage.
The water moccasin bites you. The water moccasin bites you.
* * * LOW HITPOINT WARNING * * *
The orc priest casts a cantrip, but nothing happens.
Something hits you but does no damage.
The water moccasin attacks as you move away!
The water moccasin bites you but does no damage. x2
The water moccasin attacks as you move away!
The water moccasin barely misses you. The water moccasin closely misses you.
The orc priest mumbles some strange prayers to Beogh against you.
Beogh smites you!
You die...

#(..............)..#.....#
##....................#
#.......#...........###
#....#..#.....##.#....#
#...###.#..#...###..#....#
##.........##....#oo##....
##.......#...#......#....
##......#...#.S...## ...
#...........@.#.?......
##......(<....#.......
#...................#
##.......#........###
#.....#.##........#
#...####.........## ###.#
#...####.# ### #### ##


You could see a water moccasin, an orc priest and an orc.

Vanquished Creatures
  An ice beast (D:4)
  A centaur (D:4)
  A kobold brigand (D:4)
  An orc wizard (D:4)
  3 adders (D:2)
  2 gnolls (D:3)
  3 worms
  2 dart slugs
  15 orcs
  7 ball pythons
  5 bats
  12 endoplasms
  5 giant cockroaches
  4 goblins
  12 hobgoblins
  2 jackals (D:1)
  10 quokkas
  6 frilled lizards
  13 kobolds
  10 rats
115 creatures vanquished.

Notes
Turn   | Place    | Note
-------+----------+-------------------------------------------
     0 | D:1      | dialectric the Gargoyle Fighter began the quest for the
                  | Orb.
     0 | D:1      | Reached XP level 1. HP: 14/14 MP: 1/1
   316 | D:1      | Reached XP level 2. HP: 19/19 MP: 2/2
   381 | D:1      | Reached skill level 2 in Long Blades
   747 | D:1      | Reached XP level 3. HP: 22/23 MP: 3/3
  1266 | D:2      | Reached XP level 4. HP: 28/28 MP: 4/4
  1588 | D:2      | Reached skill level 3 in Long Blades
  1626 | D:2      | Found a burning altar of Makhleb.
  2206 | D:3      | Found a faded altar of an unknown god.
  2285 | D:3      | Reached XP level 5. HP: 27/33 MP: 5/5
  2989 | D:4      | Found a bloodstained altar of Trog.
  3038 | D:4      | Became a worshipper of Trog the Wrathful
  3063 | D:4      | Noticed an ice beast
  3095 | D:4      | Killed an ice beast
  3096 | D:4      | Reached skill level 4 in Long Blades
  3096 | D:4      | Reached skill level 1 in Dodging
  3096 | D:4      | Reached XP level 6. HP: 7/38 MP: 6/6
  3503 | D:3      | Found a shimmering altar of Xom.
  3558 | D:4      | Found an opulent altar of Gozag.
  4221 | D:5      | Entered Level 5 of the Dungeon
  4252 | D:4      | Gained mutation: You are frail. (-10% HP) [potion of
                  | mutation]
  4252 | D:4      | Gained mutation: Your body sometimes deteriorates upon
                  | taking damage. [potion of mutation]
  4252 | D:4      | Gained mutation: You are weak. (Str -2) [potion of
                  | mutation]
  4252 | D:4      | Gained mutation: You expend magic power (3 MP) to
                  | strengthen your wands. [potion of mutation]
  4259 | D:4      | Reached skill level 5 in Long Blades
  4259 | D:4      | Reached XP level 7. HP: 7/39 MP: 7/7
  4399 | D:5      | Lost mutation: You expend magic power (3 MP) to strengthen
                  | your wands. [potion of mutation]
  4399 | D:5      | Lost mutation: Your body sometimes deteriorates upon taking
                  | damage. [potion of mutation]
  4399 | D:5      | Gained mutation: You are occasionally teleported next to
                  | monsters. [potion of mutation]
  4399 | D:5      | Gained mutation: Your mind is acute. (Int +4, Str/Dex -1)
                  | [potion of mutation]
  4446 | D:5      | Lost mutation: Your mind is acute. (Int +4, Str/Dex -1)
                  | [potion of mutation]
  4446 | D:5      | Lost mutation: You are occasionally teleported next to
                  | monsters. [potion of mutation]
  4446 | D:5      | Gained mutation: You sometimes lose your temper in combat.
                  | [potion of mutation]
  4446 | D:5      | Gained mutation: You are clumsy. (Dex -2) [potion of
                  | mutation]
  4446 | D:5      | Gained mutation: Your spells are a little harder to cast,
                  | but a little more powerful. [potion of mutation]
  4473 | D:5      | Killed from afar by an orc priest

Illustrated notes

Levels and vault maps discovered:
D:1:      mainiacjoe_arrival_reflecting_pool, layout_loops_corners
D:2:      minmay_razor_zed, layout_loops_cross, basic_altar, minmay_door_square
D:3:      layout_basic, nicolae_overflow_hidden_temple,
          chequers_ecumenical_altar_simple, minmay_randomly_rotated_circles
D:4:      layout_cave_pods, mainiacjoe_overflow_catwalk,
          nicolae_gozag_seed_capital
D:5:      layout_cave_pools, lemuel_temple_firewalk_a

Skill      XL: |  1  2  3  4  5  6 |
---------------+-------------------+-----
Long Blades    | 2 3 4 5 |  5.0
Armour         | 4 |  4.8
Fighting       | 4 |  4.5
Dodging        | 1 |  1.3
Stealth        | |  0.3
Shields        | |  3.3

Action                     |  1- 3 |  4- 6 |  7- 9 || total
---------------------------+-------+-------+-------++-------
  Melee: Long sword        |   117 |   348 |    28 ||   493
         Punch             |     2 |     5 |       ||     7
    Use: Potion            |       |     3 |     2 ||     5
 Armour: Scale mail        |    62 |    35 |       ||    97
         Chain mail        |       |   249 |    25 ||   274
  Dodge: Dodged            |    60 |   179 |    20 ||   259
  Block: Buckler           |     1 |       |       ||     1

Table legend: (Time is in decaauts)
 A = Elapsed time spent in this place.
 B = Non-inter-level travel time spent in this place.
 C = Inter-level travel time spent in this place.
 D = Time resting spent in this place.
 E = Time spent auto-exploring this place.
 F = Levels seen in this place.
 G = Mean time per level.
                   A        B        C        D        E       F      G
               +--------+--------+--------+--------+--------+-----+--------+
         Total |   4573 |   4489 |     84 |    289 |   3100 |   5 |  914.6 |
       Dungeon |   4573 |   4489 |     84 |    289 |   3100 |   5 |  914.6 |
               +--------+--------+--------+--------+--------+-----+--------+

Top non-repeatable levels by time:
     D:4: 1541 daAuts
     D:1: 1099 daAuts
     D:2: 1083 daAuts
     D:3: 753 daAuts
     D:5: 94 daAuts
